[Event "Late-Titled-Tuesday-Blitz-September-19-2023"]
[Site "Chess.com"]
[Date "2023.09.19"]
[Round "1"]
[White "jup1978"]
[Black "krzyzan94"]
[Result "1/2-1/2"]
[WhiteElo "2467"]
[BlackElo "2803"]
[TimeControl "180+1"]
[EndTime "14:08:33 PDT"]
[Termination "Game drawn by repetition"]

1. d4 Nf6 2. Nf3 e6 3. g3 d5 4. Bg2 b5 5. O-O Bb7 6. b3 Nbd7 7. Bb2 c5 8. Nbd2 Be7 9. c4 bxc4 10. bxc4 O-O 11. cxd5 Bxd5 12. Re1 cxd4 13. Bxd4 Ne4 14. Nxe4 Bxe4 15. Nd2 Bxg2 16. Kxg2 Qa5 17. Nb3 Qa4 18. Bb2 Bf6 19. Bxf6 Nxf6 20. Qd4 Qc6+ 21. Kg1 Rfd8 22. Rac1 Qa6 23. Qb2 h5 24. h4 Rd5 25. Red1 Rad8 26. Rxd5 Rxd5 27. Qc2 Rd8 28. Nc5 Qa3 29. Nd3 Nd5 30. Qb3 Qd6 31. Qc4 Nb6 32. Qc7 Rd7 33.
Qxd6 Rxd6 34. Rc7 a6 35. Ne5 f6 36. Ng6 Nd5 37. Ne7+ Nxe7 38. Rxe7 Kh7 39. Ra7 Kg6 40.
Kg2 e5 41. Kf3 Rb6 42. e3 Rc6 43. a4 Kh6 44. a5 f5 45. Kg2 e4 46. Kg1 Kg6 47. Kg2 Kf6 48. Kg1 g6 49. Kg2 Ke5 50.
Rb7 Kd5 51. Kf1 Kc5 52. Ke2 Rd6 53. Rb8 Kc4 54. Rb7 Kc3 55. Rb6 Rd2+ 56. Ke1 Ra2 57. Rxa6 Kd3 58. Kf1 Ra1+ 59. Kg2 Ke2 60. Rb6 Rxa5 61.
Rxg6 Ra2 62. Rf6 Ra5 63. Rf7 Ke1 64. Rf6 Rb5 65. Rf7 Rc5 66. Rf6 Rd5 67. Rf7 Ke2 68.
Rf6 Ke1 69. Rf7 Rc5 70. Rf6 Rb5 71. Rf7 Rc5 1/2-1/2

[Event "Late-Titled-Tuesday-Blitz-September-19-2023"]
[Site "Chess.com"]
[Date "2023.09.19"]
[Round "1"]
[White "Rsnr"]
[Black "reevecanada"]
[Result "0-1"]
[WhiteElo "2863"]
[BlackElo "2496"]
[TimeControl "180+1"]
[EndTime "14:08:38 PDT"]
[Termination "reevecanada won by resignation"]

1. d4 d5 2. c4 c6 3. Nf3 Nf6 4.
Qc2 g6 5. Bf4 Bg7 6. e3 Nh5 7.
Be5 f6 8. Bxb8 Rxb8 9. Bd3 O-O 10. Bxg6 hxg6 11. Qxg6 Qe8 12. Qc2 e5 13. cxd5 e4 14. Nfd2 cxd5 15. Nc3 Be6 16. h3 f5 17. g3 b5 18. Nb3 Qg6 19. Nc5 b4 20. Ne2 Rfc8 21. Qa4 Bf8 22. Rc1 Bd6 23. Kd2 Kh8 24. Qa6 Bxc5 25. dxc5 Bf7 26. c6 Qg7 27. Nd4 f4 28. gxf4 Nxf4 29. Rhg1 Qf6 30. Qxa7 Nd3 31. Rcf1 Ra8 32.
Qd7 Rd8 33. Qg4 Ne5 34. Qg5 Nc4+ 35. Kc1 Qxg5 36. Rxg5 Rxa2 37. Rfg1 Ra1+ 38. Kc2 Rxg1 39. Rxg1 Rc8 40. Kb3 Na5+ 41. Kxb4 Nxc6+ 42. Kc5 Nxd4+ 43. Kxd4 Rc2 44. b4 Rc4+ 45. Ke5 Rxb4 46. Kf6 Bg8 47.
Rg5 Rb6+ 48. Ke5 Re6+ 49. Kd4 Rf6 50. Rg2 Be6 51. h4 Rh6 52. Rh2 Kg7 53. Ke5 Kf7 54. Kf4 Rh5 55. Kg3 Kf6 56. Rh1 Ke5 57. Ra1 Rh7 58.
Ra6 Rg7+ 59. Kh2 Rg4 60. Kh3 Rf4+ 61. Kg3 Rf3+ 62. Kg2 Rf6 63. Kg3 Rg6+ 64. Kh2 d4 65. Ra5+ Bd5 66. exd4+ Kxd4 67. Ra3 Ke5 68. Rg3 Rxg3 69.
Kxg3 Kf5 70. Kh3 Bf7 71. Kg3 Bh5 72. Kg2 Kf4 73. Kh2 Kf3 74. Kg1 Kg4 75. Kg2 Kxh4 76.
Kf1 Bf3 77. Ke1 Kh3 78. Kd2 Kg2 79. Ke3 Kf1 0-1

[Event "Late-Titled-Tuesday-Blitz-September-19-2023"]
[Site "Chess.com"]
[Date "2023.09.19"]
[Round "1"]
[White "CFalcons8"]
[Black "stolencandy13"]
[Result "0-1"]
[WhiteElo "2249"]
[BlackElo "2552"]
[TimeControl "180+1"]
[EndTime "14:08:39 PDT"]
[Termination "stolencandy13 won on time"]

1. e4 c6 2. d4 d5 3. Nc3 dxe4 4. Nxe4 Bf5 5. Ng3 Bg6 6. h4 h6 7. Nf3 Nd7 8. h5 Bh7 9. Bd3 Bxd3 10. Qxd3 e6 11. Bf4 Qa5+ 12. Bd2 Bb4 13. c3 Be7 14. c4 Qc7 15. O-O-O Ngf6 16. Kb1 O-O-O 17. Ne4 Rhe8 18.
Nxf6 Bxf6 19. Bc3 Nc5 20. Qe2 Na4 21. Bb4 Qb6 22. Qd2 Qa6 23. b3 Nb6 24. Qc2 Nd7 25. Bc3 Kb8 26. Ne5 Nxe5 27. dxe5 Be7 28. Rxd8+ Rxd8 29. Rd1 Qb6 30. Rxd8+ Bxd8 31. Qd2 Kc8 32. Bd4 c5 33.
Bc3 Qc6 34. f3 Bc7 35. Qd3 Qd7 36. Kc2 Qe7 37. f4 Qh4 38. Qf3 a6 39. Bd2 g6 40.
hxg6 fxg6 41. g3 Qh3 42. Qd3 Qf5 43. Qxf5 gxf5 44. Kd3 Kd7 45. Ke2 Ke7 46. Kf3 h5 47.
Kg2 Bd8 48. Be3 b6 49. a3 Kf7 50. b4 a5 51. bxa5 bxa5 52. a4 Be7 53. Kf3 Kg6 54. Bf2 Kf7 55. Be1 Kg6 56. Bxa5 Kf7 57. Be1 Ke8 58. Bd2 Kd7 59. Ke3 Kc6 60. Kd3 Kb6 61. Kc3 Kc6 62. Kb3 h4 63. gxh4 Bxh4 64. a5 Bg3 65. Ka4 Bf2 66. Bc1 Bd4 67. Bd2 Bf2 68. Bc3 Be3 69. a6 Kb6 70. a7 Kxa7 71. Kb5 Kb7 72. Be1 Kc7 73. Bg3 Kb7 74. Bh2 Bf2 0-1

[Event "Late-Titled-Tuesday-Blitz-September-19-2023"]
[Site "Chess.com"]
[Date "2023.09.19"]
[Round "1"]
[White "MelihKaanCan"]
[Black "ArtemDyachuk"]
[Result "0-1"]
[WhiteElo "2425"]
[BlackElo "2711"]
[TimeControl "180+1"]
[EndTime "14:08:42 PDT"]
[Termination "ArtemDyachuk won on time"]

1. b3 d5 2. Bb2 c5 3. c4 d4 4.
e3 Nc6 5. Nf3 Nf6 6. d3 g6 7.
Be2 Bg7 8. O-O O-O 9. Nbd2 dxe3 10. fxe3 Ng4 11. Bxg7 Nxe3 12. Qc1 Nxf1 13. Bxf8 Nxd2 14.
Qxd2 Qxf8 15. Rf1 Bf5 16. Nh4 Be6 17. Qg5 Qg7 18. Qxc5 Qb2 19. Bf3 Qxa2 20. b4 Qa3 21. Bxc6 bxc6 22. Qxc6 Rd8 23. Nf3 Qxd3 24. Qc7 Bxc4 25.
Re1 Be6 26. Qxe7 a6 27. h3 Qd6 28. Qb7 Rb8 29. Qa7 Rxb4 30. Kh1 Rb8 31. Ng5 Bd5 32. Rd1 Rf8 33. Qd4 Rd8 34. Ne4 Qe6 35.
Nf6+ Kg7 36. Nxd5+ f6 37. Qc4 Rd7 38. Qc5 Qe5 39.
Rd4 a5 40. Qc6 Qxd4 41. Qxd7+ Kh6 42. Qe6 Qa1+ 43. Kh2 Qe5+ 44. Qxe5 fxe5 45. Nc3 Kg5 46. Kg3 Kf5 47. Kf3 h5 48. g3 Kg5 49. Ke4 Kf6 50. Na4 Ke6 51. Nb6 Kf6 52. Nc4 a4 53. Na3 Ke6 54. Nb5 Kf6 55. Na3 Ke6 56. Nc4 Kf6 57. g4 hxg4 58. hxg4 Kg5 59. Kxe5 Kxg4 60.
Kd4 g5 61. Ne5+ Kh3 62. Nf3 g4 63. Ng5+ Kh4 64. Ne4 Kh3 0-1

[Event "Late-Titled-Tuesday-Blitz-September-19-2023"]
[Site "Chess.com"]
[Date "2023.09.19"]
[Round "1"]
[White "Mops_2004"]
[Black "leoduarte"]
[Result "1/2-1/2"]
[WhiteElo "2801"]
[BlackElo "2468"]
[TimeControl "180+1"]
[EndTime "14:08:44 PDT"]
[Termination "Game drawn - insufficient material"]

1. g3 d5 2. Nf3 Nf6 3. Bg2 Bf5 4. c4 c6 5. Qb3 Qb6 6. O-O Nbd7 7. cxd5 cxd5 8.
Qxb6 Nxb6 9. d3 e6 10. Be3 Bd6 11. Nd4 Bg6 12. Nb5 Be5 13. N1c3 Nc8 14. f4 Bb8 15. Bc5 a6 16. Nd4 Nd7 17. b4 Bd6 18. Bxd6 Nxd6 19. e4 dxe4 20. dxe4 Rc8 21. Rac1 Rc7 22. f5 exf5 23. exf5 Bh5 24. h3 Rc4 25. Nb3 f6 26. g4 Bf7 27. Rfd1 Nb5 28. Nxb5 axb5 29.
Bxb7 Ne5 30. Nd4 Ke7 31. Nxb5 Rb8 32. Rxc4 Bxc4 33. Nd6 Be2 34. Rd2 Bf3 35. Ba6 Rxb4 36. Nc8+ Kf7 37. Kf2 Bc6 38. Nd6+ Ke7 39. Nc8+ Kf7 40.
Kg3 Ra4 41. Nd6+ Ke7 42. Nc8+ Kf8 43. Be2 Ra3+ 44. Kh2 Nf7 45. Nd6 Nxd6 46. Rxd6 Rxa2 47. Rxc6 Rxe2+ 48. Kg3 Re3+ 49. Kg2 Kf7 50. Rc7+ Re7 51.
Rxe7+ Kxe7 52. Kf3 Kd6 53. Ke4 Kc5 54. h4 h6 55. Ke3 Kd5 56. Kd3 Ke5 57. Ke3 h5 58.
gxh5 Kxf5 59. Kf3 Ke5 60. Kg4 Ke4 61. h6 gxh6 62. Kh5 f5 63. Kxh6 f4 64. h5 f3 65.
Kg7 f2 66. h6 f1=Q 67. h7 Qa1+ 68. Kg8 Kf5 69. h8=Q Qa8+ 70. Kh7 Qh1+ 71. Kg8 Qg2+ 72. Qg7 Qa8+ 73. Qf8+ Qxf8+ 74. Kxf8 1/2-1/2

[Event "Late-Titled-Tuesday-Blitz-September-19-2023"]
[Site "Chess.com"]
[Date "2023.09.19"]
[Round "1"]
[White "MAGMAchess02"]
[Black "hellokostya"]
[Result "1-0"]
[WhiteElo "2358"]
[BlackElo "2603"]
[TimeControl "180+1"]
[EndTime "14:08:44 PDT"]
[Termination "MAGMAchess02 won on time"]

1. Nf3 Nf6 2. c4 g6 3. b3 Bg7 4. Bb2 O-O 5. g3 d6 6. d4 Nbd7 7. Bg2 e5 8. dxe5 dxe5 9. O-O e4 10. Ng5 e3 11. fxe3 Ng4 12. Bxg7 Qxg5 13. Bxf8 Qxe3+ 14. Kh1 Nxf8 15. Qe1 Qh6 16. h3 Ne3 17. h4 Nxf1 18. Bxf1 Qe3 19. Nd2 Bg4 20. Nf3 Re8 21. Bg2 c6 22.
Rd1 Qxe2 23. Qxe2 Rxe2 24. Rd8 Rxa2 25. Ne5 Be6 26. Rb8 Re2 27. Nd3 Re3 28. Nc5 Rxg3 29. Rxb7 Bf5 30. Bxc6 Rh3+ 31. Kg2 Rxh4 32. Rxa7 Rg4+ 33.
Kf2 h5 34. Bf3 Rg5 35. b4 Ne6 36. Nxe6 Bxe6 37. c5 Rf5 38. Ke3 h4 39. c6 h3 40.
Ra1 Kg7 41. c7 h2 42. b5 Rxb5 43. Rh1 Rb2 44. Be4 f5 45. Bd5 Rc2 46. Bxe6 Rxc7 47.
Bd5 Rc2 48. Bf3 Kf6 49. Be2 g5 50. Rxh2 f4+ 51. Kf3 Rc3+ 52. Kf2 Kf5 53. Rh7 g4 54. Rf7+ Ke5 55. Bxg4 Rg3 56. Bf3 Rg8 57. Re7+ Kf6 58. Ra7 Rb8 59. Ra6+ Kf5 60. Ra5+ Kf6 61. Kg2 Rg8+ 62.
Kf2 Rb8 63. Be4 Rb3 64. Kg2 Ke6 65.
Bd5+ 1-0

[Event "Late-Titled-Tuesday-Blitz-September-19-2023"]
[Site "Chess.com"]
[Date "2023.09.19"]
[Round "1"]
[White "ritanovikova"]
[Black "Michalczak"]
[Result "1-0"]
[WhiteElo "2138"]
[BlackElo "2503"]
[TimeControl "180+1"]
[EndTime "14:08:47 PDT"]
[Termination "ritanovikova won by resignation"]

1. d4 Nf6 2. Bf4 d5 3. Nd2 c5 4. e3 Nc6 5. c3 Bf5 6. Qb3 Qd7 7. Ngf3 c4 8. Qa4 e6 9. h3 h6 10. b3 cxb3 11. axb3 Bd6 12. Bxd6 Qxd6 13. Bb5 O-O 14. O-O Rfc8 15. Rfc1 a6 16. Be2 b5 17. Qa3 Qxa3 18. Rxa3 b4 19. Rxa6 bxc3 20. Rxa8 Rxa8 21. Rxc3 Nb4 22.
g4 Be4 23. Ne5 Ra1+ 24. Kh2 Rh1+ 25. Kg3 Rg1+ 26. Kh2 Rg2+ 27. Kh1 Rxf2+ 28. Nxe4 Nxe4 29. Rc8+ Kh7 30. Bd3 Nxd3 31. Nxd3 Rd2 32. Ne5 f6 33. Nf3 Re2 34. b4 Rxe3 35. Kg2 Re2+ 36. Kg1 Rb2 37. Rb8 Nc3 38. Ne1 Ne2+ 39. Kf1 Nxd4 40. Nd3 Rb3 41. Nc5 Rb1+ 42. Kg2 Nc6 43. Rc8 Nxb4 44.
Nxe6 Rb2+ 45. Kg3 Kg6 46. Nf8+ Kf7 47. Nd7 Rc2 48. Rb8 Nd3 49. Rb7 Ke6 50. Nf8+ Ke5 51. Rxg7 Ne1 52. Ng6+ Ke4 53. Re7+ Kd3 54. Rxe1 d4 55.
Nf4+ Kc3 56. Rd1 Ra2 57. Rd3+ Kc4 58. Rd1 Ra3+ 59. Kh4 d3 60. Rxd3 Rxd3 61. Nxd3 Kxd3 62. Kh5 Ke4 63. Kxh6 Kf4 64. Kg6 Kg3 65. Kxf6 Kxh3 66. g5 1-0

[Event "Late-Titled-Tuesday-Blitz-September-19-2023"]
[Site "Chess.com"]
[Date "2023.09.19"]
[Round "1"]
[White "DTChess"]
[Black "protectiago"]
[Result "1-0"]
[WhiteElo "2517"]
[BlackElo "2093"]
[TimeControl "180+1"]
[EndTime "14:08:47 PDT"]
[Termination "DTChess won on time"]

1. e4 e5 2. Nf3 Nc6 3. Bb5 a6 4. Ba4 Nf6 5. O-O Nxe4 6. d4 b5 7. Bb3 d5 8. dxe5 Be6 9. c3 Bc5 10. Nbd2 O-O 11. Bc2 Bf5 12. Nb3 Bg6 13. Nbd4 Bxd4 14.
cxd4 Nb4 15. Bb1 c5 16. dxc5 Rc8 17. Be3 Nxc5 18. Bxg6 hxg6 19. a3 Nbd3 20. b4 Nb2 21. Qe2 Nca4 22. Bd4 Nc4 23. e6 Re8 24. exf7+ Kxf7 25. Qd3 Re4 26. Rae1 Nd6 27. Ne5+ Kg8 28. f3 Rxe1 29. Rxe1 Nf5 30. Nxg6 Nxd4 31. Qxd4 Qb6 32.
Qxb6 Nxb6 33. Ne7+ Kf7 34. Nxc8 Nxc8 35. Rc1 Nb6 36.
Rc6 Nc4 37. Rxa6 d4 38. Kf2 d3 39. a4 bxa4 40. Rxa4 d2 41. Ke2 d1=Q+ 42. Kxd1 Nb2+ 43. Kc2 Nxa4 44. Kb3 Nb6 45. b5 Ke6 46. Kb4 Kd6 47.
Ka5 Kc7 48. h4 Nd5 49. g4 Nf4 50. h5 Ne6 51. Ka6 Kb8 52. b6 Nc5+ 53. Kb5 Ne6 54. Kc4 Kb7 55. Kd5 Ng5 56. f4 Nf7 57. g5 Kxb6 58.
Ke6 Nd8+ 59. Ke7 Kc7 60. h6 gxh6 61. gxh6 Nc6+ 62. Kf7 Nd4 63. h7 1-0

[Event "Late-Titled-Tuesday-Blitz-September-19-2023"]
[Site "Chess.com"]
[Date "2023.09.19"]
[Round "1"]
[White "GeorgiosSouleidis"]
[Black "Njal28"]
[Result "0-1"]
[WhiteElo "2507"]
[BlackElo "3111"]
[TimeControl "180+1"]
[EndTime "14:08:48 PDT"]
[Termination "Njal28 won by resignation"]

1. e4 c5 2. Be2 Nc6 3. d3 g6 4. f4 Bg7 5. Nf3 d6 6. O-O e6 7. c3 Nge7 8. Be3 O-O 9. d4 b6 10.
a3 Bb7 11. Nbd2 Rc8 12. Rc1 Qd7 13. Bd3 Rfd8 14. Qe2 Rc7 15. dxc5 dxc5 16. Bb5 Qc8 17. Rcd1 Na5 18. Bd3 Rcd7 19. Bb5 Bc6 20. Bxc6 Naxc6 21. Nc4 Qa6 22. Rxd7 Rxd7 23. Kf2 Na5 24. Nxa5 Qxa5 25. Rd1 Qa4 26. Rxd7 Qxd7 27. Qd2 Qxd2+ 28. Nxd2 Kf8 29. Ke2 Ke8 30. Kd3 Kd7 31. b4 cxb4 32. cxb4 e5 33.
g3 f5 34. b5 fxe4+ 35. Kxe4 Nf5 36. Nc4 Nxe3 37. Kxe3 Ke6 38. Ke4 exf4 39. gxf4 h6 40. a4 Bf6 41. h3 Bg7 42. Ne3 Kd6 43. f5 g5 44. Ng4 Ke7 45. Kd5 h5 46. Ne3 Bb2 47. Ke4 Kf7 48. Nd5 Ba3 49. Kf3 Bd6 50.
Ke4 Bg3 51. Kf3 Be5 52. Ke4 Bd6 53. Kf3 Ke8 54. Ne3 Ke7 55. Nd5+ Kf7 56. Ke4 g4 57. hxg4 hxg4 58. Ke3 Be5 59. Kf2 Kg7 60. Kg2 Kh6 61. Kf2 Kg5 62. Ne7 Bd6 63. Nc6 Kxf5 64. Nxa7 Ke4 65. Nc8 Bc5+ 66. Kg3 Kf5 67. Na7 Bd6+ 68. Kg2 Ke4 69. Nc8 Bc7 70. Nxb6 Bxb6 71. Kg3 Kf5 72. Kg2 Bc7 73. Kf2 Kf4 74. Kg2 g3 75. Kf1 Kf3 76. Ke1 Ba5+ 77. Kd1 g2 78. Kc2 g1=Q 0-1

[Event "Late-Titled-Tuesday-Blitz-September-19-2023"]
[Site "Chess.com"]
[Date "2023.09.19"]
[Round "1"]
[White "ural58"]
[Black "tomobeast"]
[Result "1/2-1/2"]
[WhiteElo "2547"]
[BlackElo "2261"]
[TimeControl "180+1"]
[EndTime "14:08:49 PDT"]
[Termination "Game drawn - insufficient material"]

1. e4 e5 2. Nf3 Nc6 3. Bc4 Bc5 4. b4 Bxb4 5. c3 Bd6 6. d4 Nf6 7. Bg5 h6 8. Bh4 O-O 9. Nbd2 Re8 10. O-O g5 11. Bg3 exd4 12. Bxd6 cxd6 13. Qb3 d5 14. Bxd5 Nxd5 15. exd5 Na5 16. Qa4 dxc3 17. Ne4 d6 18. Nf6+ Qxf6 19. Qxe8+ Kg7 20. Rac1 b6 21. Rfd1 Bb7 22.
Qe3 Rc8 23. Rd3 Nc4 24. Qd4 Qxd4 25. Nxd4 Ne5 26. Rdxc3 Rxc3 27. Rxc3 Bxd5 28. Nf5+ Kf6 29. Nxd6 Bxa2 30. Ra3 Bd5 31. Rxa7 Ke6 32. Nb5 Bc4 33.
Na3 Bd3 34. Rb7 b5 35. Nxb5 Nc4 36. Nc3 Kf6 37. f3 Bf5 38. g4 Be6 39. Ne4+ Kg6 40. Rc7 Ne5 41. Kf2 Nd3+ 42. Kg3 Nf4 43. Ra7 Ne2+ 44. Kf2 Nf4 45. Ra6 Nd3+ 46. Kg3 Nf4 47.
Nc5 Ne2+ 48. Kf2 Nf4 49. Nxe6 fxe6 50. Kg3 Kf6 51. h4 Ng6 52. h5 Nf4 53. Ra8 Kg7 54. Re8 Kf7 55. Rb8 Kg7 56. Kf2 Kf7 57. Ke3 Nd5+ 58.
Ke4 Nf6+ 59. Kd4 Ke7 60. Rb7+ Kd6 61. Rg7 e5+ 62. Kd3 e4+ 63. Ke3 Ke5 64. Rg6 Nd5+ 65. Ke2 Nf4+ 66. Ke3 Nxg6 67. hxg6 Kf6 68. fxe4 Kxg6 69.
Kd4 h5 70. gxh5+ Kxh5 71. e5 Kg6 72. Kd5 Kf7 73. Ke4 Ke6 74. Kd4 g4 75. Ke4 g3 76.
Kf3 Kxe5 77. Kxg3 1/2-1/2

[Event "Late-Titled-Tuesday-Blitz-September-19-2023"]
[Site "Chess.com"]
[Date "2023.09.19"]
[Round "1"]
[White "FrancescoSorcinelli"]
[Black "WPWPWP-2015"]
[Result "0-1"]
[WhiteElo "2095"]
[BlackElo "2518"]
[TimeControl "180+1"]
[EndTime "14:08:57 PDT"]
[Termination "WPWPWP-2015 won on time"]

1. Nf3 c5 2. g3 d6 3. Bg2 e5 4. d3 Nf6 5. O-O Be7 6. c4 O-O 7.
Nc3 h6 8. a3 Nc6 9. Rb1 Be6 10.
b4 cxb4 11. axb4 d5 12. cxd5 Nxd5 13. Nxd5 Bxd5 14. b5 Nd4 15. Nxe5 Bxg2 16. Kxg2 Qd5+ 17. Nf3 Nxb5 18. Bb2 f5 19. Qa4 a6 20. Qc4 Qxc4 21.
dxc4 Nd6 22. Ne5 Ne4 23. Rfd1 Rfd8 24. Bd4 Bf6 25. e3 Nd6 26. Rdc1 b5 27. c5 Ne4 28. c6 Rac8 29. f3 Nd2 30. Rb2 Nc4 31. Ra2 Nxe5 32. Bxe5 Bxe5 33. Rxa6 Bc7 34. Rc5 b4 35. Rb5 Bd6 36.
Rd5 Be7 37. Rxf5 b3 38. Rb5 Rd2+ 39. Kh3 b2 40. Rab6 Rc2 41. Rxb2 R2xc6 42. Rxc6 Rxc6 43. Rb7 Bf6 44. e4 Rc4 45. Kg4 Kh7 46. Kf5 Rc5+ 47.
Kg4 Kg6 48. h4 h5+ 49. Kh3 Rc4 50. Rb6 Kh7 51. Re6 Rc1 52. Kg2 Kg8 53. f4 Kf7 54. Ra6 Rc2+ 55. Kh3 Bd4 56. e5 Bg1 57. g4 Be3 58.
gxh5 Bxf4 59. e6+ Ke7 60. Kg4 Be5 61. Kf5 Bf6 62. h6 Rf2+ 63. Kg6 Rg2+ 64. Kh7 gxh6 65. Kxh6 Bxh4 66. Kh5 Bf6 67. Kh6 Rg3 68. Kh5 Rg1 69. Kh6 Be5 70. Kh5 Bf4 71. Kh4 Bd6 72. Kh5 Kxe6 73. Kh4 Ke5 74. Kh3 Kd5 75. Ra2 Ke4 76. Rd2 Bf4 77. Re2+ Kf3 0-1

[Event "Late-Titled-Tuesday-Blitz-September-19-2023"]
[Site "Chess.com"]
[Date "2023.09.19"]
[Round "1"]
[White "Aariow"]
[Black "ShiroglanTalibov"]
[Result "1-0"]
[WhiteElo "2564"]
[BlackElo "2872"]
[TimeControl "180+1"]
[EndTime "14:09:07 PDT"]
[Termination "Aariow won by resignation"]

1. d4 Nf6 2. c4 e6 3. Nc3 d5 4.
Nf3 c6 5. e3 Nbd7 6. Bd3 Bd6 7.
O-O O-O 8. e4 dxc4 9. Bxc4 b5 10. Bd3 e5 11. d5 cxd5 12. exd5 a6 13. Bg5 h6 14. Bh4 Qb6 15. Qd2 Re8 16. Ne4 Nxe4 17.
Bxe4 Nc5 18. Bc2 Bg4 19. Qe3 b4 20. h3 Bd7 21. Bg3 e4 22. Nd2 Bb5 23. Rfe1 f5 24.
Nb3 Rac8 25. Nd4 Bd7 26. Kh1 Bxg3 27. fxg3 Qf6 28. Rf1 Qe5 29. Rac1 a5 30. Nb3 Na4 31. Nxa5 Nxb2 32. Bb3 Rc3 33. Rxc3 Qxc3 34. Qa7 Bb5 35. Rg1 e3 36. d6+ Kh8 37. Qf7 Rd8 38. Nb7 Rb8 39.
d7 Bxd7 40. Qxd7 e2 41. Qf7 e1=Q 42. Nd6 Qxg1+ 43. Kxg1 Qd4+ 44. Kh2 Qxd6 45. Qxf5 Rf8 46. Qe4 Qf6 47. Bc2 g6 48. Qb7 Qg7 49. Qxb4 h5 50.
a4 Qf6 51. a5 Kg7 52. a6 Qxa6 53. Qxb2+ Qf6 54. Qb7+ Qf7 55. Qb2+ Qf6 56. Qb7+ Rf7 57.
Qb8 Re7 58. Bb3 Kh6 59. Qg8 Qg7 60. Qc4 Qe5 61. Qg8 Qf6 62. Qc4 Re5 63. h4 Kg7 64. Qc7+ Kh6 65. Qc8 Re7 66. Qc1+ Kg7 67. Qc8 Kh6 68.
Qc1+ Kh7 69. Qc8 Qg7 70. Qc4 Rc7 71. Qf4 Re7 72. Bc2 Qe5 73. Qf8 Qg7 74. Qf4 Rf7 75. Qg5 Qh6 76. Qd5 Qg7 77. Qxh5+ Qh6 78. Bxg6+ Kg7 79.
Qxh6+ Kxh6 80. Bxf7 1-0

[Event "Late-Titled-Tuesday-Blitz-September-19-2023"]
[Site "Chess.com"]
[Date "2023.09.19"]
[Round "1"]
[White "Flawless_Fighter"]
[Black "Taran2004"]
[Result "1/2-1/2"]
[WhiteElo "2697"]
[BlackElo "2426"]
[TimeControl "180+1"]
[EndTime "14:09:11 PDT"]
[Termination "Game drawn - insufficient material"]

1. c4 Nf6 2. b3 g6 3. Bb2 Bg7 4. Nf3 O-O 5. g3 d5 6. Bg2 c5 7. cxd5 Nxd5 8. Bxg7 Kxg7 9. O-O Nc6 10. d4 cxd4 11.
Nxd4 Nxd4 12. Qxd4+ Nf6 13. Rd1 Bg4 14. Nc3 Qa5 15.
h3 Rfd8 16. Qe3 Be6 17. Bxb7 Rab8 18. Bg2 Rxd1+ 19. Rxd1 Rc8 20. Na4 Rc2 21. g4 h6 22.
Bf3 Rxa2 23. Nc5 Qb6 24. Nxe6+ Qxe6 25. Qxe6 fxe6 26. Rd4 a5 27. e3 Rb2 28. Ra4 Rxb3 29. Rxa5 g5 30. Kg2 Rb2 31. Ra6 Kf7 32. Ra8 Nd7 33.
Be4 Nc5 34. Kf3 Nxe4 35. Kxe4 Rxf2 36. Rh8 Kg7 37. Re8 Rh2 38. Rxe7+ Kf6 39. Re8 Rxh3 40. Rf8+ Kg7 41. Re8 Kf7 42. Rh8 Rh4 43. Kf3 Kg7 44. Re8 Rh3+ 45. Kf2 Kf6 46. Ra8 h5 47. gxh5 Rxh5 48. Rf8+ Ke5 49. Rg8 Kf6 50. Rf8+ Kg7 51. Ra8 Rh6 52. Ra7+ Kf6 53. Ra8 Rg6 54. Kg3 Ke5 55. Kf2 Rf6+ 56. Ke2 g4 57. Rg8 Kf5 58. Kf2 Rg6 59. Rf8+ Ke4 60. Rf4+ Ke5 61. Ra4 Rf6+ 62. Ke2 Kf5 63. Ra8 e5 64. Kf2 Ke4+ 65. Ke2 g3 66.
Ra4+ Kd5 67. Rg4 Rf2+ 68. Ke1 Ra2 69. Rxg3 Ke4 70. Rh3 Kd3 71. e4+ Kxe4 72. Rb3 Kf4 73. Rc3 e4 74. Rb3 Rh2 75. Ra3 Rg2 76. Rb3 Rg6 77. Ra3 Rd6 78. Rb3 e3 79. Rb8 Rf6 80.
Rc8 Kf3 81. Rb8 Rf4 82. Rc8 e2 83. Re8 Rh4 84. Rf8+ Rf4 85. Rxf4+ Kxf4 86. Kxe2 1/2-1/2

[Event "Late-Titled-Tuesday-Blitz-September-19-2023"]
[Site "Chess.com"]
[Date "2023.09.19"]
[Round "1"]
[White "biostatistician"]
[Black "aranibos"]
[Result "1/2-1/2"]
[WhiteElo "2574"]
[BlackElo "2297"]
[TimeControl "180+1"]
[EndTime "14:09:28 PDT"]
[Termination "Game drawn by repetition"]

1. d4 d5 2. Nf3 Nf6 3. c4 c6 4. cxd5 cxd5 5. Nc3 a6 6. Bf4 Nc6 7. Rc1 Bg4 8. Ne5 Bh5 9. Qb3 Ra7 10. e3 e6 11. Bd3 Be7 12. O-O O-O 13. Na4 Nxe5 14. Bxe5 Nd7 15. Bc7 Qe8 16. Nb6 Bg6 17. Bxg6 hxg6 18. Rc3 Bd8 19. Rfc1 Bxc7 20. Rxc7 Nxb6 21.
Qxb6 Qa8 22. h4 a5 23. a4 Rb8 24. Qd6 b6 25. Rxa7 Qxa7 26. Rc7 Qa6 27. Rxf7 Kxf7 28. Qc7+ Kf6 29. Qxb8 Kf7 30. Qc7+ Kg8 31. Qd7 Qe2 32.
Qxe6+ Kh7 33. g3 Qxb2 34. Qxd5 Qa1+ 35. Kg2 Qxa4 36. h5 gxh5 37. Qxh5+ Kg8 38. Qd5+ Kh7 39. Qf5+ Kg8 40. d5 Qe8 41. d6 Qc6+ 42. e4 Qxd6 43. e5 Qd5+ 44. Kh2 a4 45. Qc8+ Kh7 46. Qc2+ Kh8 47. Qxa4 Qxe5 48. Qh4+ Kg8 49. Qd8+ Kh7 50. Qxb6 Qe2 51. Qb1+ Kh8 52. Qf5 Qe8 53. Kh3 g6 54. Qf6+ Kh7 55. Kg2 Qa8+ 56. Qf3 Qe8 57. Qd5 Kg7 58. g4 Qe7 59. Kg3 Qc7+ 60. Kg2 Qa7 61.
Qe4 Qc7 62. Kf3 Kh7 63. Qf4 Qc6+ 64. Kg3 Qc2 65. Qf7+ Kh6 66. Qf8+ Kh7 67. Qf7+ Kh6 68. Qf4+ Kh7 69. Qe3 Qc7+ 70. Kg2 Qc6+ 71. Qf3 Qd6 72. Kh3 Qe7 73. Qf4 Qd7 74. Kh4 Qe7+ 75. Qg5 Qd7 76. Kg3 Qb7 77. Qf4 Qd7 78. Qe5 Qf7 79. f3 Qd7 80. g5 Qd1 81. Qe7+ Kh8 82. Qf8+ Kh7 83. Qh6+ Kg8 84. Qxg6+ Kh8 85. Qf6+ Kg8 86. Kg4 Qg1+ 87. Kf4 Qc1+ 88. Kf5 Qc2+ 89. Ke6 Qb3+ 90. Ke7 Qb7+ 91. Ke8 Qc8+ 92. Qd8 Qe6+ 93. Qe7 Qc8+ 94. Qd8 Qe6+ 95. Qe7 Qc8+ 96. Qd8 1/2-1/2

[Event "Late-Titled-Tuesday-Blitz-September-19-2023"]
[Site "Chess.com"]
[Date "2023.09.19"]
[Round "1"]
[White "MKlose11"]
[Black "IngOscarArdila"]
[Result "1/2-1/2"]
[WhiteElo "2583"]
[BlackElo "2310"]
[TimeControl "180+1"]
[EndTime "14:09:36 PDT"]
[Termination "Game drawn by repetition"]

1. e4 e5 2. Nf3 Nf6 3. d4 Nxe4 4.
Bd3 d5 5. Nxe5 Be7 6. O-O O-O 7. c4 c6 8. Nc3 Nxc3 9. bxc3 Nd7 10. Nxd7 Bxd7 11.
cxd5 cxd5 12. Qh5 f5 13. Bf4 g6 14. Qf3 Bc6 15. Rfe1 Bf6 16. Be5 Qd7 17. Bxf6 Rxf6 18. Re5 Re8 19. Rae1 Rfe6 20. Qf4 Rxe5 21. dxe5 Re6 22.
Qd4 a6 23. f4 Qe7 24. h3 Qh4 25. Qf2 Qe7 26. Kh2 Qa3 27. Qd2 Qc5 28. Be2 Qf2 29. Rf1 Qc5 30. Bf3 Re8 31. Rd1 Rd8 32. Qd4 Qxd4 33.
Rxd4 b5 34. g4 Kf7 35. Kg3 Ke6 36. Kf2 Rb8 37. Ke3 a5 38. a3 Rc8 39. Kd2 Bb7 40.
Be2 Rc5 41. a4 Bc6 42. axb5 Bxb5 43. Bxb5 Rxb5 44. Ra4 h5 45. gxh5 gxh5 46. Kd3 Kd7 47. Ra1 Kc6 48. Kd4 Rc5 49. Rg1 Rc4+ 50. Kd3 Rxf4 51. Rg6+ Kc5 52. Rf6 Rf3+ 53. Kd2 Rxh3 54. Rxf5 a4 55. e6 Kd6 56. Re5 Kxe5 57. e7 Rh2+ 58. Ke1 Rh1+ 59. Kf2 Kd6 60. e8=Q Rb1 61. Qxa4 Ke5 62. Qd4+ Kd6 63. Kg3 Rb2 64. Kf4 Rb5 65. Kg5 Kc6 66. Kxh5 Rc5 67. Kg6 Rc4 68. Qd3 Kc5 69.
Kf6 Re4 70. Kf5 Rc4 71. Qd2 Re4 72. Qb2 Rc4 73. Qa3+ Kc6 74. Qa6+ Kc5 75. Qc8+ Kb5 76. Qd7+ Kc5 77. Qc7+ Kb5 78. Qe5 Kc5 79. Qe7+ Kb5 80. Qa3 Kc6 81. Kf6 Re4 82. Kf5 Rc4 1/2-1/2

[Event "Late-Titled-Tuesday-Blitz-September-19-2023"]
[Site "Chess.com"]
[Date "2023.09.19"]
[Round "2"]
[White "koncheto"]
[Black "sergiochess83"]
[Result "0-1"]
[WhiteElo "2559"]
[BlackElo "2909"]
[TimeControl "180+1"]
[EndTime "14:11:49 PDT"]
[Termination "sergiochess83 won by resignation"]

1. e4 c5 2. Nf3 Nc6 3. d4 cxd4 4. Nxd4 Nf6 5. Nc3 e5 6. Ndb5 d6 7.
Bg5 a6 8. Na3 b5 9. Nd5 Be7 10.
Bxf6 Bxf6 11. c4 b4 12. Nc2 Rb8 13. Be2 O-O 14. O-O Be6 15. b3 Bxd5 16. Qxd5 Nd4 17. Rad1 Nxe2+ 0-1

[Event "Late-Titled-Tuesday-Blitz-September-19-2023"]
[Site "Chess.com"]
[Date "2023.09.19"]
[Round "2"]
[White "KacperPolOK"]
[Black "Hasangatin_Ramil"]
[Result "0-1"]
[WhiteElo "2400"]
[BlackElo "2705"]
[TimeControl "180+1"]
[EndTime "14:12:21 PDT"]
[Termination "Hasangatin_Ramil won by resignation"]

1. e4 d5 2. exd5 Qxd5 3. Qf3 Nf6 4. Qxd5 Nxd5 5. a3 c5 6. Nf3 Nc6 7. Nc3 Nxc3 8. bxc3 Bg4 9. Be2 e6 10. d4 Be7 11. h3 Bf5 12. Ra2 O-O-O 13. Be3 Be4 14.
dxc5 Bf6 15. Bd2 Rd7 16. O-O Bxf3 0-1

[Event "Late-Titled-Tuesday-Blitz-September-19-2023"]
[Site "Chess.com"]
[Date "2023.09.19"]
[Round "2"]
[White "MessiKingdom"]
[Black "Baku_Boulevard"]
[Result "1-0"]
[WhiteElo "2630"]
[BlackElo "3034"]
[TimeControl "180+1"]
[EndTime "14:12:28 PDT"]
[Termination "MessiKingdom won by resignation"]

1. d4 Nf6 2. Bf4 c5 3. e3 Nd5 4. Bg3 Qb6 5. c4 Qxb2 6. cxd5 Qxa1 7. Qc2 Na6 8. Bxa6 bxa6 9. Nf3 d6 10. Nd2 Rb8 11.
Nb3 Qxb1+ 12. Qxb1 c4 13. Qc2 cxb3 14. Qc7 b2 15.
Qxb8 1-0